 Dungeon Crawl Stone Soup version 0.24-a0-312-g16217b4 (webtiles) character file.

Game seed: 16845077731780455032

1755 mhoghedin the Charlatan (level 8, -2/99 HPs)
             Began as a Demigod Ice Elementalist on May 14, 2019.
             Slain by an ogre
             ... wielding a +0 giant club
              (17 damage)
             ... on level 7 of the Dungeon on May 15, 2019.
             The game lasted 00:13:13 (6144 turns).

mhoghedin the Charlatan (Demigod Ice Elementalist)  Turns: 6144, Time: 00:13:14

Health: -2/99      AC:  8    Str: 18    XL:     8   Next: 49%
Magic:  16/16      EV: 10    Int: 21    God:
Gold:   174        SH:  0    Dex: 16    Spells: 7/10 levels left

rFire    . . .     SeeInvis .   a - +3 spear (freeze)
rCold    + . .     Gourm    .   (no shield)
rNeg     . . .     Faith    .   i - +0 scale mail {rC+}
rPois    .         Spirit   .   (no helmet)
rElec    .         Reflect  .   y - +0 cloak
rCorr    .         Harm     .   (no gloves)
MR       .....                  m - +0 pair of boots (curse)
Stlth    ..........             p - amulet of rage {+Rage, !d}
HPRegen  0.26/turn              (no ring)
MPRegen  0.15/turn              (no ring)

@: berserking, very quick
A: high mp 1
a: Evoke Berserk Rage


You were on level 7 of the Dungeon.
You were not hungry.

You visited 1 branch of the dungeon, and saw 7 of its levels.

You collected 406 gold pieces.
You spent 232 gold pieces at shops.

Inventory:

Hand Weapons
 a - a +3 spear of freezing (weapon)
   (You took it off a wight on level 6 of the Dungeon)
 f - a +5 halberd
   (You took it off a wight on level 6 of the Dungeon)
Missiles
 b - 2 boomerangs (quivered)
 h - 2 throwing nets {=f, !d}
Armour
 i - a +0 scale mail of cold resistance (worn)
   (You found it on level 4 of the Dungeon)
 m - a cursed +0 pair of boots (worn)
   (You found it on level 6 of the Dungeon)
 y - a +0 cloak (worn)
   (You found it on level 5 of the Dungeon)
Jewellery
 p - an amulet of rage (around neck) {+Rage, !d}
   (You found it on level 3 of the Dungeon)
Wands
 n - a wand of polymorph (8)
   (You found it on level 3 of the Dungeon)
 r - a wand of paralysis (3)
   (You found it on level 4 of the Dungeon)
Scrolls
 d - a scroll of identify
 e - 5 scrolls of teleportation
 q - a scroll of remove curse
 s - a scroll of immolation {unknown}
 t - a scroll of amnesia {unknown}
 v - a scroll of magic mapping {unknown}
 w - a scroll of enchant armour {unknown}
Potions
 g - a potion of might {unknown}
 j - 3 potions of curing
 k - a potion of invisibility
 l - a potion of heal wounds {unknown}
 o - 2 potions of mutation {!q}
 u - a potion of haste {unknown}
 x - 2 potions of cancellation {unknown}
Comestibles
 c - 9 rations


   Skills:
 + Level 4.2 Fighting
 + Level 4.2 Polearms
 - Level 2.2 Throwing
 - Level 1.7 Dodging
 - Level 1.7 Stealth
 - Level 1.7 Spellcasting
 - Level 0.8 Conjurations
 - Level 4.5 Ice Magic
 - Level 6.8 Evocations


You had 7 spell levels left.
You knew the following spells:

 Your Spells              Type           Power        Failure   Level  Hunger
a - Freeze                Ice            ###.         9%          1    #......
x - Throw Frost           Conj/Ice       ##....       26%         2    ###....

Your spell library contained the following spells:

 Spells                   Type           Power        Failure   Level  Hunger
 Confusing Touch          Hex            #.....       45%         1    #......
 Ozocubu's Armour         Chrm/Ice       ##......     52%         3    ###....
 Confuse                  Hex            #.......     83%         3    ###....
 Gell's Gravitas          Tloc           #.........   83%         3    ###....
 Throw Icicle             Conj/Ice       ##......     86%         4    #####..
 Summon Ice Beast         Ice/Summ       ##......     90%         4    #####..
 Petrify                  Tmut/Erth      #.......     99%         4    #####..
 Metabolic Englaciation   Hex/Ice        ##........   99%         5    ######.
 Yara's Violent Unravell  Hex/Tmut       #.........   100%        5    ######.


Dungeon Overview and Level Annotations

Branches:
Dungeon (7/15)             Temple (0/1) D:5

Shops:
D:6 !   D:7 (


Innate Abilities, Weirdness & Mutations

You have an increased reservoir of magic. (+10% MP)


Message History

You hit the hound. You freeze the hound.
The hound bites you but does no damage.
You miss the hound. The hound bites you but does no damage.
You hit the hound. You freeze the hound. The hound bites you.
The hound closely misses you.
You take 2 damage, and have 61/63 hp.
You hit the hound. You freeze the hound.
You kill the hound!
You feel your strength returning.
You hit the scorpion. You freeze the scorpion. The scorpion stings you.
You take 4 damage, and have 57/63 hp.
You hit the scorpion. You freeze the scorpion. The scorpion barely misses you.
You hit the scorpion. You freeze the scorpion. The scorpion misses you.
You hit the scorpion but do no damage. The scorpion closely misses you.
You closely miss the scorpion. The scorpion stings you.
You take 4 damage, and have 54/63 hp.
You closely miss the scorpion.
The scorpion stings you but does no damage.
You hit the scorpion. You freeze the scorpion.
You kill the scorpion!
No target in view!
No target in view!
No target in view!
No target in view!
No target in view!
No target in view!
No target in view!
No target in view!
Things that are here:
a scorpion corpse; a hound corpse
c - 9 rations (gained 1)
A hound comes into view.
The hound barks!
You regained 4 hp, and now have 59/64 hp.
A hound is nearby!
A hound is nearby!
A hippogriff comes into view.
Found a stone staircase leading down.
An ogre comes into view. It is wielding a +0 giant club.
The ogre shouts!
The hippogriff screeches!
You hear a shout!
The hound bites you.
You take 1 damage, and have 58/64 hp.
You hit the hound. You freeze the hound. The hound barely misses you.
You hit the hound. You freeze the hound.
The hound bites you but does no damage.
You hit the hound. You freeze the hound.
You kill the hound!
You hit the hippogriff but do no damage.
The hippogriff bites you.
The hippogriff pecks you but does no damage.
The hippogriff completely misses you.
You take 2 damage, and have 57/66 hp.
You hit the hippogriff. You freeze the hippogriff.
A centaur comes into view.
The hippogriff bites you but does no damage.
The hippogriff closely misses you. The hippogriff barely misses you.
The ogre closely misses you.
You puncture the hippogriff! You freeze the hippogriff.
The hippogriff bites you.
The hippogriff pecks you but does no damage.
The hippogriff claws you.
You hit the hippogriff. You freeze the hippogriff.
The ogre hits you with a +0 giant club! The hippogriff bites you.
The hippogriff pecks you but does no damage.
The hippogriff barely misses you.
You take 26 damage, and have 31/66 hp.
MASSIVE DAMAGE!!
The ogre hits you with a +0 giant club!
You take 10 damage, and have 21/66 hp.
Okay, then.
Unknown command.
Okay, then.
Unknown command.
A red film seems to cover your vision as you go berserk!
You feel yourself moving faster!
You feel mighty!
You feel a lot more hungry. The hippogriff bites you.
* * * LOW HITPOINT WARNING * * *
The hippogriff pecks you.
* * * LOW HITPOINT WARNING * * *
The hippogriff claws you but does no damage.
You now have 24/99 hp.
You hit the hippogriff. You freeze the hippogriff. The hippogriff bites you.
* * * LOW HITPOINT WARNING * * *
The hippogriff closely misses you. x2
You take 5 damage, and have 19/99 hp.
You barely miss the hippogriff. You barely miss the hippogriff.
The hippogriff bites you.
* * * LOW HITPOINT WARNING * * *
The hippogriff closely misses you.
The hippogriff claws you but does no damage.
You take 5 damage, and have 14/99 hp.
You puncture the hippogriff! You freeze the hippogriff.
You puncture the hippogriff! You freeze the hippogriff.
You kill the hippogriff!
You feel your dexterity returning.
Your Fighting skill increases to level 4!
Your Polearms skill increases to level 4!
You puncture the ogre! You freeze the ogre. You barely miss the ogre.
The ogre hits you with a +0 giant club!
You die...

##......... .#
#......... ##.#
.......... ...#
......... ....#
......... ....#
........# ###....#
.......!###.....#
......†.cO@.....#
.........##.##...#
##....#...#.# .##
#..#.##.##.## ..#
[># # ...#..##..#
.. .
..##......#....
..###.........# .#
##.#.###..#
#.##..##########


You could see an ogre and a centaur.

Vanquished Creatures
  A hippogriff (D:7)
  An ice beast (D:5)
  2 sky beasts
  2 ogres
  A phantom (D:5)
  A centaur (D:6)
  A bullfrog (D:6)
  2 scorpions
  4 wights (D:6)
  2 howler monkeys (D:6)
  A centaur zombie (D:6)
  2 crimson imps (D:6)
  A quasit (D:6)
  2 bullfrog skeletons
  3 hounds
  An orc priest (D:6)
  A centaur skeleton (D:4)
  An iguana (D:5)
  An orc wizard (D:6)
  7 adders
  2 shadow imps (D:5)
  2 adder skeletons
  A dart slug (D:1)
  4 worms
  3 leopard geckos
  11 orcs
  3 giant cockroaches
  5 goblins
  7 hobgoblins
  10 jackals
  3 ball pythons
  13 bats
  7 frilled lizards
  A jackal skeleton (D:4)
  5 kobolds
  A leopard gecko skeleton (D:6)
  7 rats
122 creatures vanquished.

Notes
Turn   | Place    | Note
-------+----------+-------------------------------------------
     0 | D:1      | mhoghedin the Demigod Ice Elementalist began the quest for
                  | the Orb.
     0 | D:1      | Reached XP level 1. HP: 14/14 MP: 5/5
   240 | D:1      | Reached skill level 1 in Throwing
   361 | D:1      | Reached XP level 2. HP: 20/20 MP: 7/7
   544 | D:1      | Reached skill level 2 in Throwing
   582 | D:2      | Learned a level 2 spell: Throw Frost
   636 | D:2      | Reached skill level 3 in Ice Magic
   727 | D:2      | Reached XP level 3. HP: 15/26 MP: 6/8
  1275 | D:2      | Upgraded the game from 0.24-a0-309-g1095bca to
                  | 0.24-a0-312-g16217b4
  1546 | D:3      | Reached XP level 4. HP: 33/33 MP: 7/9
  1646 | D:3      | Reached skill level 4 in Ice Magic
  1811 | D:3      | Found a snail-covered altar of Cheibriados.
  2021 | D:4      | Reached skill level 1 in Evocations
  2636 | D:4      | Paralysed by fainting for 6 turns
  2652 | D:4      | Reached XP level 5. HP: 16/38 MP: 10/10
  3007 | D:5      | Entered Level 5 of the Dungeon
  3124 | D:5      | Reached skill level 2 in Evocations
  3373 | D:5      | Noticed a phantom
  3377 | D:5      | Found a staircase to the Ecumenical Temple.
  3404 | D:5      | Killed a phantom
  3404 | D:5      | Reached skill level 3 in Evocations
  3616 | D:5      | Reached XP level 6. HP: 26/45 MP: 8/11
  3943 | D:5      | Reached skill level 4 in Evocations
  3990 | D:5      | Reached skill level 5 in Evocations
  4084 | D:5      | Found a sparkling altar of Nemelex Xobeh.
  4541 | D:6      | Reached XP level 7. HP: 39/50 MP: 12/14
  4897 | D:6      | HP: 5/50 [orc priest/divine providence (15)]
  4898 | D:6      | HP: 2/50 [hound (3)]
  4924 | D:6      | HP: 14/75 [sky beast (5)]
  4930 | D:6      | Reached skill level 6 in Evocations
  4932 | D:6      | HP: 21/112 [sky beast (3)]
  4939 | D:6      | HP: 13/112 [orc priest/+0 club (3)]
  5271 | D:6      | Reached skill level 1 in Fighting
  5281 | D:6      | Reached skill level 1 in Polearms
  5344 | D:6      | Reached skill level 2 in Fighting
  5344 | D:6      | Reached skill level 2 in Polearms
  5553 | D:6      | Reached XP level 8. HP: 61/61 MP: 16/16
  5609 | D:6      | Found Hoynuirph's Distillery.
  5697 | D:6      | Reached skill level 3 in Fighting
  5697 | D:6      | Reached skill level 3 in Polearms
  5850 | D:7      | Found Ytoaxaq's Antique Weapon Shop.
  5854 | D:7      | Bought a shimmering shortbow for 232 gold pieces
  5854 | D:7      | Identified the +2 shortbow of Darkness {flame, rN+} (You
                  | bought it in a shop on level 7 of the Dungeon)
  6125 | D:7      | Noticed a hippogriff
  6137 | D:7      | HP: 24/99 [hippogriff (2)]
  6142 | D:7      | Killed a hippogriff
  6142 | D:7      | Reached skill level 4 in Fighting
  6142 | D:7      | Reached skill level 4 in Polearms
  6144 | D:7      | Slain by an ogre

Levels and vault maps discovered:
D:1:      minmay_arrival_four_houses, layout_loops_cross
D:2:      layout_rooms
D:3:      layout_basic, first_ration, cheibriados_altar_1
D:4:      layout_cave_pools
D:5:      layout_loops_corners, kennysheep_little_box,
          minmay_temple_entry_mini_moons
D:6:      layout_loops_cross, serial_shops, shop_coins
D:7:      minmay_razor_zed, layout_cave_pools, serial_shops, shop

Skill      XL: |  1  2  3  4  5  6  7  8 |
---------------+-------------------------+-----
Throwing       | 1 2 |  2.2
Ice Magic      | 3 4 |  4.5
Evocations     | 1 3 5 6 |  6.8
Fighting       | 2 4 |  4.2
Polearms       | 2 4 |  4.2
Dodging        | |  1.7
Stealth        | |  1.7
Spellcasting   | |  1.7
Conjurations   | |  0.8

Action                   |  1- 3 |  4- 6 |  7- 9 || total
-------------------------+-------+-------+-------++-------
Melee: Unarmed           |     4 |       |       ||     4
       Dagger            |    24 |    42 |       ||    66
       Hand axe          |       |   101 |    53 ||   154
       Halberd           |       |       |    16 ||    16
       Spear             |       |       |    81 ||    81
Throw: Boomerang         |    63 |       |       ||    63
 Cast: Freeze            |    41 |    37 |       ||    78
       Throw Frost       |     4 |       |       ||     4
 Abil: Evoke Berserk Rag |       |     3 |     5 ||     8
Evoke: Wand              |       |     5 |       ||     5
  Use: Scroll            |       |     6 |       ||     6
       Potion            |       |       |     5 ||     5
 Stab: Paralysed         |       |    21 |       ||    21
       Invisible         |       |       |     3 ||     3
  Eat: Chunk             |     3 |     5 |     1 ||     9
       Ration            |       |     3 |     2 ||     5
Armor: Robe              |    25 |     3 |       ||    28
       Scale mail        |       |    58 |    74 ||   132
       Skin              |       |       |    34 ||    34
Dodge: Dodged            |    66 |    77 |   100 ||   243

Table legend:
 A = Non-vault XP
 B = Vault XP
 C = Vault XP percentage of total XP
 D = Non-vault monster count
 E = Vault monster count
 F = Vault count percentage of total count
                 A         B        C        D         E       F
            +---------+---------+-------+---------+---------+-------
      Total |    2508 |       0 |   0.0 |     122 |       0 |   0.0
            +---------+---------+-------+---------+---------+-------
        D:1 |      31 |       0 |   0.0 |      20 |       0 |   0.0
        D:2 |      84 |       0 |   0.0 |      34 |       0 |   0.0
        D:3 |      22 |       0 |   0.0 |      12 |       0 |   0.0
        D:4 |     128 |       0 |   0.0 |       9 |       0 |   0.0
        D:5 |     501 |       0 |   0.0 |      14 |       0 |   0.0
        D:6 |    1231 |       0 |   0.0 |      27 |       0 |   0.0
        D:7 |     511 |       0 |   0.0 |       6 |       0 |   0.0
            +---------+---------+-------+---------+---------+-------

Levels and vault maps discovered:
D:1:      minmay_arrival_four_houses, layout_loops_cross
D:2:      layout_rooms
D:3:      layout_basic, first_ration, cheibriados_altar_1
D:4:      layout_cave_pools
D:5:      layout_loops_corners, kennysheep_little_box,
          minmay_temple_entry_mini_moons
D:6:      layout_loops_cross, serial_shops, shop_coins
D:7:      minmay_razor_zed, layout_cave_pools, serial_shops, shop

Table legend:
 A = Turns spent in this place as a percentage of turns spent in the entire game.
 B = Non-inter-level travel turns spent in this place as a percentage of non-inter-level travel turns spent in the entire game.
 C = Inter-level travel turns spent in this place as a percentage of turns spent in this place.
 D = Turns resting spent in this place as a percentage of non-inter-level travel turns spent in this place.
 E = Turns spent auto-exploring this place as a percentage of non-inter-level travel turns spent in this place.
 F = Non-inter-level travel turns spent in this place divided by the number of levels of this place that you've seen.
                   A       B       C       D       E      F
               +-------+-------+-------+-------+-------+----------------------
         Total | 100.0 | 100.0 |   2.2 |  38.8 |  43.5 | 858.4
       Dungeon | 100.0 | 100.0 |   2.2 |  38.8 |  43.5 | 858.4
               +-------+-------+-------+-------+-------+----------------------

Table legend:
 A = Kills in this place as a percentage of kills in entire the game.
 B = Kills by you in this place as a percentage of kills by you in the entire game.
 C = Kills by friends in this place as a percentage of kills by friends in the entire game.
 D = Other kills in this place as a percentage of other kills in the entire game.
 E = Experience gained in this place as a percentage of experience gained in the entire game.
 F = Experience gained in this place divided by the number of levels of this place that you have seen.
                   A       B       C       D       E      F
               +-------+-------+-------+-------+-------+----------------------
         Total | 100.0 | 100.0 |   N/A |   N/A | 100.0 | 358.3
       Dungeon | 100.0 | 100.0 |   N/A |   N/A | 100.0 | 358.3
               +-------+-------+-------+-------+-------+----------------------
